 Dungeon Crawl Stone Soup version 0.28.0-45-g0d030f2227 (webtiles) character file.

Game seed: 16251617850369402752

87 markt42 the Covered (level 4, 0/28 HPs)
             Began as a Gargoyle Fighter on May 4, 2022.
             Slain by a goblin
             ... wielding a +0 dagger
              (3 damage)
             ... on level 2 of the Dungeon.
             The game lasted 00:01:01 (1076 turns).

markt42 the Covered (Gargoyle Fighter)              Turns: 1076, Time: 00:01:02

Health: 0/28       AC: 10    Str: 19    XL:     4   Next: 51%
Magic:  4/4        EV:  9    Int:  9    God:
Gold:   16         SH:  4    Dex: 11    Spells: 3/3 levels left

rFire   . . .      SeeInvis .   a - +0 flail
rCold   . . .      Faith    .   c - +0 buckler
rNeg    + . .      Spirit   .   b - +0 scale mail
rPois   ∞          Reflect  .   (no helmet)
rElec   +          Harm     .   (no cloak)
rCorr   .          Rampage  .   (no gloves)
Will    .....                   (no boots)
Stlth   ..........              (no amulet)
HPRegen 0.09/turn               (no ring)
MPRegen 0.09/turn               (no ring)

@: mighty
A: sickness immunity, AC +3, negative energy resistance 1, electricity
resistance, torment resistance 1, petrification resistance
a: no special abilities


You were on level 2 of the Dungeon.
You visited 1 branch of the dungeon, and saw 2 of its levels.

You collected 16 gold pieces.

Inventory:

Hand Weapons
 a - a +0 flail (weapon)
Armour
 b - a +0 scale mail (worn)
 c - a +0 buckler (worn)
Scrolls
 e - a scroll of magic mapping {unknown}
 f - a scroll of immolation {unknown}
 h - a scroll of enchant armour {unknown}
 j - a scroll of amnesia {unknown}
Potions
 g - a potion of lignification {unknown}
 i - 2 potions of curing {unknown}


   Skills:
 + Level 3.6 Fighting
 * Level 2.7 Maces & Flails
 * Level 4.6 Armour
 + Level 0.1 Dodging
 + Level 3.7 Shields


You had 3 spell levels left.
You didn't know any spells.
Your spell library contained the following spells:

 Spells                   Type           Power      Damage    Failure   Level
 Gell's Gravitas          Tloc           0%         N/A       99%         3
 Lesser Beckoning         Tloc           0%         N/A       99%         3
 Teleport Other           Tloc           0%         N/A       99%         3


Dungeon Overview and Level Annotations

Branches:
Dungeon (2/15)

Altars:


Innate Abilities, Weirdness & Mutations

You are immune to sickness and miasma.
Your stone body is resilient. (AC +3)
You are immune to poison.
You resist negative energy. (rN+)
You are resistant to electric shocks. (rElec)
You are resistant to unholy torment.
You are immune to petrification.


Message History

The goblin barely misses you.
You closely miss the goblin. The goblin hits you but does no damage.
Robin barely misses you. The goblin closely misses you.
The goblin barely misses you. Robin hits you but does no damage.
You barely miss the goblin. You block the goblin's attack.
A goblin comes into view. It is wielding a +0 club.
The goblin hits you but does no damage. Robin hits you but does no damage.
The goblin hits you but does no damage.
The goblin moves out of view.
You barely miss the goblin. The goblin hits you but does no damage.
Robin roars a battlecry!
The goblin goes into a battle-frenzy!
You block the goblin's attack.
You closely miss the goblin. The goblin hits you but does no damage.
Robin closely misses you. The goblin hits you with a +0 dagger.
The goblin barely misses you. Robin throws the goblin at you!
Found an animal skin.
You block Robin's attack.
Things that are here:
a +0 club; an adder corpse You hit Robin but do no damage.
You block the goblin's attack.
The goblin hits you but does no damage. x2
The hobgoblin shouts!
The hobgoblin closely misses you.
Robin roars a battlecry!
The goblin goes into a battle-frenzy!
The goblin hits the plant with a +0 dagger.
The plant begins to die.
You sock Robin!
Robin is heavily wounded.
You block the goblin's attack.
The hobgoblin hits you but does no damage.
Robin closely misses you.
The goblin hits the plant with a +0 dagger.
You thump Robin!
You kill Robin!
The hobgoblin hits you.
* * * LOW HITPOINT WARNING * * *
You block the hobgoblin's attack. You block the goblin's attack.
You barely miss the goblin.
A nearby plant withers and dies.
The goblin hits you with a +0 dagger.
You die...

#..#.# ### ##.#.# §§#
#...# ♣P§ ## ##..# #g
§P♣♣♣.### #..# ♣♣.♣
♣§.♣♣.PP## ##.#
...§♣♣.P.♣....# ###.#
#.....P..♣♣P.###...##
. ....♣@g♣♣♣♣...#.#..#
.g.#.gg♣g..♣♣.♣.....>#
.......♣..P...†#.#####
.#...♣.)♣..♣.♣.†.#
♣......♣♣..P♣...#
..♣.♣....♣PP..♣♣.# ..P
♣♣...♣.P.♣♣♣.# ♣.♣
♣...♣♣♣.♣ ..# ♣.♣.P
♣.. ###


You could see a hobgoblin (strong) and 3 goblins.

Vanquished Creatures
  Robin (D:2)
  3 gnolls (D:2)
  An adder (D:2)
  A dart slug (D:2)
  2 ball pythons
  A bat (D:2)
  2 giant cockroaches (D:1)
  5 hobgoblins
  3 kobolds (D:1)
  2 quokkas (D:2)
  4 frilled lizards
  7 goblins
  5 rats (D:1)
37 creatures vanquished.

Vanquished Creatures (others)
  53 plants
53 creatures vanquished.

Grand Total: 90 creatures vanquished

Notes
Turn   | Place    | Note
-------+----------+-------------------------------------------
     0 | D:1      | markt42 the Gargoyle Fighter began the quest for the Orb.
     0 | D:1      | Reached XP level 1. HP: 14/14 MP: 1/1
   178 | D:1      | Reached XP level 2. HP: 19/19 MP: 2/2
   903 | D:2      | Found a faded altar of an unknown god.
   960 | D:2      | Reached skill level 4 in Armour
   960 | D:2      | Reached XP level 3. HP: 23/23 MP: 3/3
  1058 | D:2      | Reached XP level 4. HP: 9/28 MP: 4/4
  1066 | D:2      | Noticed Robin
  1075 | D:2      | Killed Robin
  1076 | D:2      | Slain by a goblin

Illustrated notes

Levels and vault maps discovered:
D:1:      amcnicky_arrival_choice, layout_basic, serial_bayou_crossing
D:2:      wad_woods_stonehenge, layout_basic,
          shapermc_ecumenical_altar_mp_highgroup,
          nicolae_concentric_dashed_squares_mild, uniq_robin

Skill      XL: |  1  2 |
---------------+-------+-----
Armour         | 4 |  4.6
Fighting       | |  3.6
Maces & Flails | |  2.7
Dodging        | |  0.1
Shields        | |  3.7

Action                   |  1- 3 |  4- 6 || total
-------------------------+-------+-------++-------
Melee: Flail             |   103 |    17 ||   120
  Use: Potion            |     1 |       ||     1
Armor: Scale mail        |    61 |    18 ||    79
Dodge: Dodged            |    39 |    10 ||    49
Block: Buckler           |    16 |     9 ||    25
